[Event "Titled Tuesday Blitz April 26 Early 2022"]
[White "Seo, Jung Min"]
[Black "Bethke, Richard"]
[WhiteFideId "1734687"]
[BlackFideId "12959243"]
[WhiteElo "2401"]
[BlackElo "2529"]
[Result "1/2-1/2"]
[Round "02"]
[TimeControl "180+1"]
[Date "2022.04.26"]
[WhiteClock "0:01:49"]
[BlackClock "0:00:27"]

1. d4 Nf6 2. c4 e6 3. Nf3 d5 4. Nc3 Be7 5. Bf4 O-O 6. e3 c5 7. dxc5 Bxc5 8. a3 Nc6 9. Qc2 Re8 10. Bg5 d4 11. exd4 Nxd4 12. Nxd4 Qxd4 13. Bxf6 Qxf6 14. Ne4 Qe5 15. Be2 Bf8 16. O-O b6 17. Bf3 Bb7 18. Nf6+ Qxf6 19. Bxb7 Rab8 20. Bf3 Red8 21. Rad1 Rd4 22. Rxd4 Qxd4 23. Rd1 Qe5 24. b4 Rd8 25. g3 Rxd1+ 26. Qxd1 Qc3 27. Kg2 Qxa3 28. b5 a5 29. bxa6 Qxa6 30. Qb3 g6 31. h4 h5 32. Be4 Bc5 33. Qc2 Kh7 34. Qe2 Qa1 35. Bf3 Qd4 36. Bc6 Kg7 37. Bb5 e5 38. Bc6 Qd6 39. Bd5 Qf6 40. Qf3 Qxf3+ 41. Kxf3 f5 42. Ke2 Kf6 43. Kf1 g5 44. hxg5+ Kxg5 45. Kg2 h4 46. gxh4+ Kxh4 47. f3 Kg5 48. Kf1 Kf4 49. Ke2 e4 50. fxe4 fxe4 51. Bc6 Ke5 52. Bb5 Kd4 53. Ba6 1/2-1/2


[Site "https://www.chess.com"]

[Event "Titled Tuesday Blitz April 26 Early 2022"]
[White "Shankland, Sam"]
[Black "Seifert, Henryk"]
[WhiteFideId "2004887"]
[BlackFideId "1100963"]
[WhiteElo "2618"]
[BlackElo "2120"]
[Result "1-0"]
[Round "02"]
[TimeControl "180+1"]
[Date "2022.04.26"]
[WhiteClock "0:02:16"]
[BlackClock "0:00:03"]

1. d4 d5 2. c4 c6 3. Nc3 Nf6 4. e3 a6 5. Nf3 Bg4 6. Qb3 b5 7. cxd5 cxd5 8. Ne5 Bc8 9. a4 bxa4 10. Qxa4+ Bd7 11. Nxd7 Nbxd7 12. Bb5 e6 13. Bc6 Ra7 14. Nb5 axb5 15. Qxa7 Bb4+ 16. Bd2 Bxd2+ 17. Kxd2 O-O 18. Ke2 e5 19. Rhc1 exd4 20. Qxd4 Re8 21. Ra8 Qe7 22. Rxe8+ Qxe8 23. Bxb5 h6 24. Rc7 Qd8 25. Rxd7 Nxd7 26. Qxd5 1-0


[Site "https://www.chess.com"]

[Event "Titled Tuesday Blitz April 26 Early 2022"]
[White "Shtyka, Sergey"]
[Black "Samarth, J Rao"]
[WhiteFideId "4138465"]
[BlackFideId "46652370"]
[WhiteElo "2014"]
[BlackElo "1514"]
[Result "1-0"]
[Round "02"]
[TimeControl "180+1"]
[Date "2022.04.26"]
[WhiteClock "0:00:02"]
[BlackClock "0:00:08"]

1. e4 c5 2. Nf3 d6 3. d4 cxd4 4. Nxd4 Nf6 5. Nc3 a6 6. Bd3 e5 7. Nde2 Be7 8. Ng3 Bg4 9. f3 Be6 10. Be3 Nbd7 11. O-O O-O 12. Qd2 Nc5 13. Rad1 Nxd3 14. cxd3 d5 15. exd5 Nxd5 16. Nxd5 Qxd5 17. b3 Rfd8 18. Qf2 f5 19. f4 e4 20. d4 Rdc8 21. Rc1 b5 22. Rxc8+ Rxc8 23. Rc1 Rxc1+ 24. Bxc1 Qc6 25. Be3 a5 26. h3 a4 27. bxa4 b4 28. Qb2 Qxa4 29. d5 Bxd5 30. Qe5 Qd7 31. Nxf5 Bf6 32. Nh6+ Kf8 33. Bc5+ Be7 34. Bxe7+ Qxe7 35. Qb8+ Qe8 36. Qxb4+ Qe7 37. Qb8+ Qe8 38. Qd6+ Qe7 39. Qxd5 gxh6 40. Kf2 Qa7+ 41. Kg3 Qa3+ 42. Kg4 Qe3 43. Kf5 Qd3 44. Qxe4 Qd7+ 45. Ke5 Qe7+ 46. Kd4 Qd7+ 47. Ke3 Qa4 48. Qxa4 1-0


[Site "https://www.chess.com"]

[Event "Titled Tuesday Blitz April 26 Early 2022"]
[White "Silvestre, Christian"]
[Black "Aslanov, Umid"]
[WhiteFideId "30956269"]
[BlackFideId "13412620"]
[WhiteElo "2300"]
[BlackElo "1796"]
[Result "1-0"]
[Round "02"]
[TimeControl "180+1"]
[Date "2022.04.26"]
[WhiteClock "0:00:30"]
[BlackClock "0:00:27"]

1. Nf3 d5 2. d4 Nf6 3. Bf4 c5 4. e3 Nc6 5. c3 Bg4 6. Be2 Qb6 7. Qb3 c4 8. Qc2 Bf5 9. Qc1 e6 10. h3 h5 11. Nbd2 Be7 12. Bd1 Ne4 13. Bc2 Nxd2 14. Nxd2 Bxc2 15. Qxc2 Qd8 16. e4 Bg5 17. Bxg5 Qxg5 18. O-O Qg6 19. f4 O-O-O 20. f5 Qg5 21. Rae1 e5 22. exd5 Rxd5 23. Nf3 Qg3 24. Qe4 Rb5 25. Re2 exd4 26. Nxd4 Re5 27. Qf4 Nxd4 28. Rxe5 Qxf4 29. Rxf4 Nc6 30. Rxc4 Kd7 31. Re2 g6 32. Rf4 Rf8 33. fxg6 f5 34. g4 hxg4 35. hxg4 Ne7 36. gxf5 Nxg6 37. Rd4+ 1-0


[Site "https://www.chess.com"]

[Event "Titled Tuesday Blitz April 26 Early 2022"]
[White "Skliarov, Viktor"]
[Black "talman67"]
[WhiteFideId "14106736"]
[WhiteElo "2229"]
[BlackElo "2138"]
[Result "1-0"]
[Round "02"]
[TimeControl "180+1"]
[Date "2022.04.26"]
[WhiteClock "0:00:16"]
[BlackClock "0:00:07"]

1. e4 e5 2. Nc3 Nf6 3. Bc4 Nxe4 4. Qh5 Nd6 5. Bb3 Be7 6. Qxe5 O-O 7. Nge2 b5 8. O-O Nc6 9. Qf4 Na5 10. Bd5 c6 11. Bf3 Ne8 12. Nxb5 d5 13. Nbc3 Bd6 14. Qa4 Rb8 15. a3 Bd7 16. Qd4 Nf6 17. b4 Nc4 18. g3 a5 19. bxa5 Re8 20. d3 c5 21. Qh4 Ne5 22. Bg2 Ng6 23. Qg5 Qxa5 24. Qd2 Be5 25. d4 cxd4 26. Nxd4 Rbc8 27. Nce2 Qxd2 28. Bxd2 Rc4 29. c3 h6 30. h4 Ne4 31. Be1 Nxc3 32. Bxc3 Rxc3 33. Nxc3 Bxd4 34. Nxd5 Bxa1 35. Rxa1 Rb8 36. a4 Ne5 37. a5 Bc6 38. Ne7+ Kf8 39. Nxc6 Nxc6 40. Bxc6 Rc8 41. Bg2 Rc7 42. a6 Ra7 43. Bb7 Ke7 44. Rd1 Ke6 45. Kf1 g5 46. Ke2 gxh4 47. gxh4 Rxb7 48. axb7 1-0


[Site "https://www.chess.com"]

[Event "Titled Tuesday Blitz April 26 Early 2022"]
[White "Solovchuk, Oleksiy"]
[Black "Sjugirov, Sanan"]
[WhiteFideId "14115220"]
[BlackFideId "4189302"]
[WhiteElo "2305"]
[BlackElo "2602"]
[Result "1-0"]
[Round "02"]
[TimeControl "180+1"]
[Date "2022.04.26"]
[WhiteClock "0:00:42"]
[BlackClock "0:00:02"]

1. c4 e5 2. Nc3 Nc6 3. d3 g6 4. e4 Bg7 5. g3 d6 6. Bg2 Nge7 7. Nge2 O-O 8. O-O f5 9. Nd5 Nxd5 10. cxd5 Ne7 11. Be3 c6 12. dxc6 Nxc6 13. Qd2 Be6 14. exf5 gxf5 15. d4 Bc4 16. Rac1 Bxe2 17. Qxe2 f4 18. Bxc6 bxc6 19. Bd2 exd4 20. Qe6+ Kh8 21. Rxc6 Be5 22. gxf4 Rf6 23. Qh3 Qg8+ 24. Kh1 Qd5+ 25. Qg2 Qxg2+ 26. Kxg2 Bxf4 27. Bxf4 Rxf4 28. Rxd6 Rg8+ 29. Kh1 Rgf8 30. f3 Rxf3 31. Rxf3 Rxf3 32. Rxd4 Rf2 33. Rb4 Kg7 34. Kg1 Rc2 35. a4 a5 36. Rb7+ Kg6 37. h4 Rc4 38. h5+ 1-0


[Site "https://www.chess.com"]

[Event "Titled Tuesday Blitz April 26 Early 2022"]
[White "Srihari L R"]
[Black "Belenkaya, Dina"]
[WhiteFideId "46617116"]
[BlackFideId "24142654"]
[WhiteElo "2121"]
[BlackElo "2196"]
[Result "1-0"]
[Round "02"]
[TimeControl "180+1"]
[Date "2022.04.26"]
[WhiteClock "0:01:19"]
[BlackClock "0:00:11"]

1. e4 d5 2. exd5 Qxd5 3. Nc3 Qa5 4. Bc4 Nf6 5. d4 c6 6. Nf3 Bf5 7. O-O e6 8. Bf4 Be7 9. Re1 O-O 10. Bb3 Nbd7 11. h3 h6 12. Ne5 Nxe5 13. Rxe5 Qb6 14. Qe2 Rfe8 15. Qc4 Rad8 16. Rd1 Bd6 17. Rxf5 exf5 18. Qxf7+ Kh7 19. Na4 Qa5 20. Bxd6 Rxd6 21. c3 Rd7 22. Qc4 b5 23. Qc5 Nd5 24. Qxc6 Red8 25. Nc5 Rd6 26. Qb7 Qc7 27. Bxd5 Qxb7 28. Bxb7 b4 29. Bf3 Rb8 30. c4 Rc8 31. b3 g5 32. g4 f4 33. Ne4 Rdd8 34. d5 a5 35. d6 1-0


[Site "https://www.chess.com"]

[Event "Titled Tuesday Blitz April 26 Early 2022"]
[White "Starozhilov, Leonid"]
[Black "Nakamura, Hikaru"]
[WhiteFideId "14106752"]
[BlackFideId "2016192"]
[WhiteElo "2414"]
[BlackElo "2850"]
[Result "0-1"]
[Round "02"]
[TimeControl "180+1"]
[Date "2022.04.26"]
[WhiteClock "0:00:09"]
[BlackClock "0:01:36"]

1. e4 g6 2. d4 Bg7 3. c4 d6 4. Nc3 Nc6 5. Be3 e5 6. d5 Nce7 7. h4 f5 8. Nf3 h6 9. Bd3 Nf6 10. Qc2 c6 11. dxc6 bxc6 12. c5 d5 13. Nxe5 fxe4 14. Be2 Nd7 15. Nxc6 Nxc6 16. Nxd5 Qa5+ 17. Bd2 Qd8 18. Qxe4+ Nde5 19. f4 Bf5 20. Qe3 Qxd5 21. Bc3 O-O 22. fxe5 Nxe5 23. Rd1 Qxg2 24. Rg1 Qh2 25. h5 Rae8 26. Qg3 Nd3+ 27. Rxd3 Qxe2# 0-1


[Site "https://www.chess.com"]

[Event "Titled Tuesday Blitz April 26 Early 2022"]
[White "Steil-Antoni, Fiona"]
[Black "Tristan, Leonardo"]
[WhiteFideId "4001249"]
[BlackFideId "113816"]
[WhiteElo "2059"]
[BlackElo "2404"]
[Result "0-1"]
[Round "02"]
[TimeControl "180+1"]
[Date "2022.04.26"]
[WhiteClock "0:00:08"]
[BlackClock "0:02:11"]

1. e4 d5 2. exd5 Qxd5 3. Nc3 Qa5 4. Nf3 Nf6 5. d4 Bf5 6. Bc4 e6 7. Bd2 Bb4 8. a3 Bxc3 9. Bxc3 Qb6 10. O-O O-O 11. h3 Nc6 12. Ne5 Nxe5 13. dxe5 Rad8 14. Qe2 Ne4 15. Rab1 Ng3 16. Qf3 Nxf1 17. Rxf1 Bxc2 18. g4 Qc5 19. Be2 Qd5 20. Qf4 c5 21. Bf3 Qd7 22. h4 b5 23. h5 h6 24. g5 hxg5 25. Qxg5 Qd3 26. h6 Qg6 27. Qxg6 Bxg6 28. hxg7 Kxg7 29. Kg2 Rh8 30. Bc6 a6 31. Kf3 Rh3+ 32. Kg4 Bf5+ 33. Kg5 b4 34. axb4 cxb4 35. Bxb4 Rd4 0-1


[Site "https://www.chess.com"]

[Event "Titled Tuesday Blitz April 26 Early 2022"]
[White "Stelmaszyk, Nico"]
[Black "Stevens, Christian"]
[WhiteFideId "16200462"]
[BlackFideId "2604450"]
[WhiteElo "2119"]
[BlackElo "2519"]
[Result "0-1"]
[Round "02"]
[TimeControl "180+1"]
[Date "2022.04.26"]
[WhiteClock "0:00:23"]
[BlackClock "0:00:04"]

1. d4 Nf6 2. c4 e6 3. Nf3 d5 4. g3 dxc4 5. Bg2 Nc6 6. O-O Rb8 7. Nc3 a6 8. Qa4 b5 9. Qc2 Be7 10. Rd1 O-O 11. a4 Nb4 12. Qb1 Bb7 13. Bg5 h6 14. Bf4 Nfd5 15. e3 Nd3 16. Rxd3 cxd3 17. axb5 axb5 18. Qxd3 Nxf4 19. gxf4 c5 20. Nxb5 Qb6 21. Nc3 Bxf3 22. Bxf3 cxd4 23. Na4 Qb4 24. exd4 Bf6 25. d5 exd5 26. Bxd5 Qxf4 27. Qf3 Qxf3 28. Bxf3 Bxb2 29. Ra2 Be5 30. Nc5 Rfd8 31. Ne4 Rb3 32. Kg2 g6 33. h4 Rb2 34. Ra5 Bd4 35. Ra6 Kg7 36. Kh3 Bxf2 37. h5 Bd4 38. hxg6 fxg6 39. Rc6 Rf8 40. Bg4 h5 41. Be6 Rf3+ 42. Kh4 Rh2+ 43. Bh3 Rhxh3+ 44. Kg5 Be3# 0-1


[Site "https://www.chess.com"]

[Event "Titled Tuesday Blitz April 26 Early 2022"]
[White "Stribuk, Artiom"]
[Black "Ciorgovean, Iustin"]
[WhiteFideId "13515659"]
[BlackFideId "1242911"]
[WhiteElo "2835"]
[BlackElo "2541"]
[Result "1/2-1/2"]
[Round "02"]
[TimeControl "180+1"]
[Date "2022.04.26"]
[WhiteClock "0:00:04"]
[BlackClock "0:00:15"]

1. d4 Nf6 2. c4 c5 3. d5 b5 4. cxb5 a6 5. bxa6 g6 6. Nc3 Bg7 7. e4 O-O 8. e5 Ne8 9. h4 d6 10. e6 fxe6 11. h5 gxh5 12. Qxh5 Nf6 13. Qh4 exd5 14. Nxd5 Nbd7 15. Bc4 e6 16. Nxf6+ Nxf6 17. Nf3 Qe8 18. Bg5 Qg6 19. O-O-O d5 20. Bd3 Ne4 21. Rde1 Bxa6 22. Bxe4 dxe4 23. Qxe4 Qxe4 24. Rxe4 Bb7 25. Rg4 Rxf3 26. gxf3 Bxf3 27. Rhg1 Bxg4 28. Rxg4 Kf7 29. a4 h5 30. Rc4 Kg6 31. Be3 Rb8 32. Rc2 c4 33. a5 Ra8 34. Bb6 c3 35. bxc3 h4 36. f3 h3 37. Rh2 Rh8 38. a6 Be5 39. Rh1 h2 40. a7 Kf5 41. Be3 Bf4 42. Kd2 Ra8 43. Bxf4 Kxf4 44. Rxh2 Rxa7 45. Re2 Rd7+ 46. Ke1 Kxf3 47. Rxe6 Rd3 48. Rc6 Ke4 49. Ke2 Rh3 50. Kd2 Rh2+ 51. Kc1 Kd3 52. Kb1 Rg2 53. c4 Kd4 54. Rc8 Rh2 55. Kc1 Rg2 56. Kb1 Rh2 57. Rc7 Rg2 58. Rc8 1/2-1/2


[Site "https://www.chess.com"]

[Event "Titled Tuesday Blitz April 26 Early 2022"]
[White "Svane, Rasmus"]
[Black "Seemann, Jakub"]
[WhiteFideId "4657101"]
[BlackFideId "21874697"]
[WhiteElo "2645"]
[BlackElo "2003"]
[Result "1-0"]
[Round "02"]
[TimeControl "180+1"]
[Date "2022.04.26"]
[WhiteClock "0:00:15"]
[BlackClock "0:00:05"]

1. Nf3 Nf6 2. g3 d5 3. Bg2 e6 4. O-O Be7 5. c4 O-O 6. b3 d4 7. e3 c5 8. Ne5 Nbd7 9. exd4 cxd4 10. Nxd7 Nxd7 11. d3 e5 12. Ba3 Re8 13. Bxe7 Qxe7 14. Nd2 Nc5 15. Ne4 Nxe4 16. Bxe4 Bh3 17. Re1 g6 18. Qd2 Rad8 19. b4 b6 20. a4 Bc8 21. a5 Bb7 22. axb6 Bxe4 23. Rxe4 axb6 24. Rae1 Qd6 25. f4 f6 26. fxe5 Rxe5 27. Rxe5 fxe5 28. b5 Re8 29. Qg2 Re7 30. Qe4 Kg7 31. Kg2 Qb4 32. Rf1 Qd6 33. Qf3 Ra7 34. Rf2 h5 35. h4 Rc7 36. Qa8 Rf7 37. Rxf7+ Kxf7 38. Qb7+ Kf6 39. Kf3 Qe6 40. Qc6 Ke7 41. Qc7+ Kf6 42. Qd8+ Kf7 43. Qc7+ Kf6 44. Qc6 Ke7 45. Qb7+ Kf6 46. Qe4 Qh3 47. Kf2 Qh2+ 48. Qg2 Qxg2+ 49. Kxg2 Ke6 50. Kf3 Kd6 51. g4 Ke7 52. Kg3 Kd6 53. Kf3 Ke7 54. gxh5 gxh5 55. Ke2 Kd6 56. Kf2 Ke7 57. Ke1 Kd6 58. Ke2 Ke7 59. Kd2 Kd6 60. Kc2 Kc5 61. Kb3 Kd6 62. Kb4 Kc7 63. c5 Kb7 64. Kc4 bxc5 65. Kxc5 Kc7 66. Kd5 Kb6 67. Kxe5 Kc5 68. b6 Kxb6 69. Kxd4 Kc6 70. Ke5 Kd7 71. Kd5 Kc7 72. Ke6 Kc6 73. d4 Kc7 74. d5 1-0


[Site "https://www.chess.com"]

[Event "Titled Tuesday Blitz April 26 Early 2022"]
[White "Taboas Rodriguez, Daniel"]
[Black "Ibrahimli, Murad"]
[WhiteFideId "2208466"]
[BlackFideId "13410229"]
[WhiteElo "2429"]
[BlackElo "2109"]
[Result "0-1"]
[Round "02"]
[TimeControl "180+1"]
[Date "2022.04.26"]
[WhiteClock "0:01:10"]
[BlackClock "0:01:22"]

1. d4 d5 2. Nf3 Nf6 3. c4 dxc4 4. e3 Bg4 5. Bxc4 e6 6. Be2 Nc6 7. Nc3 Bd6 8. h3 Bh5 9. Ng5 Bxe2 10. Qxe2 O-O 11. O-O e5 12. d5 Nxd5 13. Nxd5 Qxg5 14. e4 Qg6 15. Qg4 Nd4 16. Be3 c6 17. Nc3 Rfd8 18. Rad1 Be7 19. Qxg6 hxg6 20. Bxd4 exd4 21. Ne2 d3 22. Nc1 d2 23. Nb3 Bf6 24. Rxd2 Rxd2 25. Nxd2 Bxb2 26. Nc4 Bd4 27. Rd1 Rd8 28. Kf1 Bf6 29. Rxd8+ Bxd8 30. Ke2 Bc7 31. Ke3 b5 32. Nb2 Kf8 33. f4 Ke7 34. e5 Ke6 35. Ke4 f5+ 36. exf6 gxf6 37. g4 f5+ 38. gxf5+ gxf5+ 39. Ke3 Bb6+ 40. Kd3 Bd8 41. Kd4 Bf6+ 42. Kc5 Bxb2 43. Kxc6 b4 44. Kb5 Bc1 45. Kxb4 Bxf4 0-1


[Site "https://www.chess.com"]

[Event "Titled Tuesday Blitz April 26 Early 2022"]
[White "Taichman, Ori"]
[Black "Polster, Christian"]
[WhiteFideId "2804069"]
[BlackFideId "12965081"]
[WhiteElo "2227"]
[BlackElo "2323"]
[Result "1-0"]
[Round "02"]
[TimeControl "180+1"]
[Date "2022.04.26"]
[WhiteClock "0:00:19"]
[BlackClock "0:00:06"]

1. e4 c5 2. b3 Nf6 3. e5 Nd5 4. Bb2 Nc6 5. g3 d6 6. exd6 Qxd6 7. Bg2 Bf5 8. Ne2 e5 9. Nec3 Ndb4 10. Na3 Nd4 11. d3 Ndxc2+ 12. Nxc2 Nxd3+ 13. Ke2 Qa6 14. Ke3 c4 15. Qf3 Bc5+ 16. Kd2 O-O-O 17. Qxf5+ Kb8 18. Nd5 Nxb2 19. Qxe5+ Ka8 20. Qxb2 c3+ 21. Qxc3 Qc6 22. Nd4 Bxd4 23. Qxd4 Rxd5 24. Qxd5 Qxd5+ 25. Bxd5 Rd8 26. Rhe1 Rxd5+ 27. Kc2 a6 28. Rad1 1-0


[Site "https://www.chess.com"]

[Event "Titled Tuesday Blitz April 26 Early 2022"]
[White "Terry, Renato"]
[Black "Salimova, Nurgyul"]
[WhiteFideId "3803457"]
[BlackFideId "2915138"]
[WhiteElo "2577"]
[BlackElo "2185"]
[Result "1-0"]
[Round "02"]
[TimeControl "180+1"]
[Date "2022.04.26"]
[WhiteClock "0:00:08"]
[BlackClock "0:00:04"]

1. e4 c6 2. Nf3 d5 3. exd5 cxd5 4. Ne5 Nc6 5. d4 e6 6. c3 Bd6 7. f4 Bxe5 8. dxe5 Nge7 9. Be3 Nf5 10. Bf2 f6 11. exf6 Qxf6 12. Bb5 Nd6 13. Bxc6+ bxc6 14. Qd4 Nf5 15. Qe5 Qxe5+ 16. fxe5 a5 17. Nd2 a4 18. O-O-O Ba6 19. Rhe1 Kd7 20. Ne4 Bc4 21. Nc5+ Ke7 22. b3 axb3 23. axb3 Rhb8 24. Kb2 h5 25. Ra1 Bb5 26. Kc2 g5 27. Kd2 Rf8 28. Nb7 Kd7 29. Nc5+ Ke7 30. Rec1 Nh6 31. Be3 Nf7 32. Bd4 Nh6 33. c4 dxc4 34. bxc4 Rfd8 35. Kc3 Rxa1 36. Rxa1 Nf5 37. Bf2 Bxc4 38. Ra7+ Ke8 39. Kxc4 Rd5 40. Nxe6 Rxe5 41. Nd4 Nd6+ 42. Kd3 Rd5 43. Ke2 Ne4 44. Be3 Nc3+ 45. Ke1 Ne4 46. Nxc6 Nd6 47. Re7+ Kf8 48. Rd7 Rd3 49. Ke2 Rc3 50. Rxd6 1-0


[Site "https://www.chess.com"]

[Event "Titled Tuesday Blitz April 26 Early 2022"]
[White "Todorovic, Bojan"]
[Black "Leiva, Gianmarco"]
[WhiteFideId "917087"]
[BlackFideId "3804399"]
[WhiteElo "2266"]
[BlackElo "2323"]
[Result "1-0"]
[Round "02"]
[TimeControl "180+1"]
[Date "2022.04.26"]
[WhiteClock "0:00:09"]
[BlackClock "0:00:13"]

1. d4 Nf6 2. c4 g6 3. Nc3 d5 4. Nf3 Bg7 5. Bg5 Ne4 6. Bh4 c6 7. e3 O-O 8. Bd3 Nxc3 9. bxc3 Bf5 10. O-O Nd7 11. Bxf5 gxf5 12. Qb3 Nb6 13. c5 Nc4 14. Qxb7 Bf6 15. Bxf6 exf6 16. Qxc6 Re8 17. Rab1 Re6 18. Qa4 Qc8 19. Rb5 Ra6 20. Qb3 Kg7 21. a4 f4 22. exf4 Qg4 23. Rb7 Re8 24. Rxf7+ Kxf7 25. Qb7+ Kg6 26. Qxa6 Re2 27. Ne5+ Nxe5 28. fxe5 Kg7 29. Qxf6+ Kg8 30. Qd8+ Kg7 31. Qxd5 Rd2 32. Qf3 Qg6 33. Re1 Rc2 34. e6 Qxe6 35. Qg3+ Kf7 36. Qf4+ Qf6 37. Qxf6+ Kxf6 38. Rd1 Rxc3 39. g3 Ke6 40. Kg2 Kd5 41. h4 Ra3 42. Kh3 Rxa4 43. Kg4 a5 44. f4 Ra3 45. f5 Ra2 46. Rd3 Rf2 47. Kg5 h5 48. f6 Kc4 49. Rd1 Kd5 50. Kg6 a4 51. f7 a3 52. Kg7 Rf1 53. Rxf1 1-0


[Site "https://www.chess.com"]

[Event "Titled Tuesday Blitz April 26 Early 2022"]
[White "Topalov, Aleksandar"]
[Black "Aggelis, Nikolaos"]
[WhiteFideId "925659"]
[BlackFideId "4213220"]
[WhiteElo "2158"]
[BlackElo "2154"]
[Result "1-0"]
[Round "02"]
[TimeControl "180+1"]
[Date "2022.04.26"]
[WhiteClock "0:00:22"]
[BlackClock "0:00:01"]

1. b3 Nf6 2. Bb2 d5 3. Nf3 g6 4. c4 Bg7 5. cxd5 Qxd5 6. g3 O-O 7. Bg2 Qd7 8. O-O c5 9. d3 Nc6 10. Nbd2 b6 11. a3 Bb7 12. Rc1 Rfd8 13. Rc2 h6 14. Qa1 Qe6 15. Nc4 Bf8 16. Rfc1 Nh7 17. Nfe5 Nxe5 18. Bxb7 Rab8 19. Bg2 Nxc4 20. Rxc4 Nf6 21. Bxf6 exf6 22. Bf3 f5 23. b4 cxb4 24. axb4 Rd7 25. b5 Bc5 26. d4 Rxd4 27. Rxd4 Bxd4 28. Qxd4 Qe7 29. h4 Rd8 30. Qc4 Qf6 31. Qc7 Rd4 32. Kg2 f4 33. Qb8+ Kg7 34. Rc8 Kh7 35. Qxa7 fxg3 36. fxg3 Rd1 37. Rc7 Kg7 38. Qa4 Qe5 39. Qb3 Qxc7 40. Qxd1 Qc3 41. Qd6 Qe3 42. Qf4 Qc5 43. Bc6 Qc2 44. Qe5+ Kg8 45. h5 gxh5 46. Qxh5 Kg7 47. Bd5 Qc7 48. Qg4+ Kf8 49. Qf4 Qe5 50. Qxe5 1-0


[Site "https://www.chess.com"]

[Event "Titled Tuesday Blitz April 26 Early 2022"]
[White "Urazayev, Arystanbek"]
[Black "Rodrigues, Bruno Morado"]
[WhiteFideId "13709810"]
[BlackFideId "2115654"]
[WhiteElo "2422"]
[BlackElo "2040"]
[Result "1-0"]
[Round "02"]
[TimeControl "180+1"]
[Date "2022.04.26"]
[WhiteClock "0:02:05"]
[BlackClock "0:00:20"]

1. d4 d5 2. c4 c6 3. f3 Nf6 4. Nc3 e6 5. cxd5 exd5 6. Bf4 Bd6 7. Bxd6 Qxd6 8. e3 O-O 9. Bd3 Nbd7 10. Nge2 Re8 11. Qd2 Qe7 12. Kf2 Nf8 13. Ng3 Bd7 14. Rhe1 Rad8 15. Kg1 Bc8 16. Qf2 Qc7 17. Rad1 Re7 18. h3 Rde8 19. e4 dxe4 20. fxe4 Qb6 21. e5 Nd5 22. Nce4 Rd8 23. Nd6 Ne6 24. Ngf5 Rc7 25. Be4 g6 26. Nh6+ Kg7 27. Bxd5 cxd5 28. Nhxf7 Rf8 29. Qf6+ Kg8 30. Nh6# 1-0


[Site "https://www.chess.com"]

[Event "Titled Tuesday Blitz April 26 Early 2022"]
[White "Urbina Perez, Juan Antonio"]
[Black "Martin, Lewis"]
[WhiteFideId "2217368"]
[BlackFideId "410551"]
[WhiteElo "2192"]
[BlackElo "2145"]
[Result "1-0"]
[Round "02"]
[TimeControl "180+1"]
[Date "2022.04.26"]
[WhiteClock "0:00:50"]
[BlackClock "0:00:02"]

1. e4 c5 2. Nf3 d6 3. Bb5+ Bd7 4. Bxd7+ Qxd7 5. O-O Nf6 6. Qe2 Nc6 7. Nc3 e6 8. e5 dxe5 9. Nxe5 Nxe5 10. Qxe5 Bd6 11. Qg5 O-O 12. d3 Qc6 13. Qh4 Rac8 14. Re1 Rfe8 15. Bg5 Nd7 16. Re3 Nf8 17. Ne4 Bb8 18. Rh3 f5 19. Nc3 e5 20. Re1 Re6 21. Qc4 Kh8 22. Bc1 Rg6 23. Rg3 f4 24. Rxg6 Nxg6 25. f3 Qf6 26. Ne4 Qe7 27. a4 b6 28. Bd2 h6 29. Nc3 Rf8 30. Qe4 Qg5 31. Re2 Nh4 32. Be1 Nf5 33. Bf2 Qf6 34. Nd5 Qg5 35. c4 h5 36. h3 h4 37. Nc3 Rf6 38. Qb7 Bd6 39. Ne4 Qg6 40. Nxf6 Qxf6 41. Qc8+ Kh7 42. Qe8 Kh6 43. Qd7 1-0


[Site "https://www.chess.com"]

[Event "Titled Tuesday Blitz April 26 Early 2022"]
[White "Vagman, Roy"]
[Black "Hnydiuk, Aleksander"]
[WhiteFideId "2828995"]
[BlackFideId "1109057"]
[WhiteElo "1927"]
[BlackElo "2374"]
[Result "1/2-1/2"]
[Round "02"]
[TimeControl "180+1"]
[Date "2022.04.26"]
[WhiteClock "0:00:07"]
[BlackClock "0:00:13"]

1. d4 d5 2. c4 dxc4 3. e3 Nf6 4. Bxc4 e6 5. Nf3 c5 6. O-O a6 7. a4 Nc6 8. Qe2 Be7 9. Rd1 O-O 10. dxc5 Qc7 11. b3 Na5 12. Bb2 Nxc4 13. Qxc4 Qxc5 14. Qe2 b6 15. Nbd2 Bb7 16. Rac1 Qh5 17. Nf1 Rac8 18. Ng3 Qg4 19. Rd4 Rxc1+ 20. Bxc1 Qg6 21. Bb2 Rd8 22. h3 h5 23. Rxd8+ Bxd8 24. Kh2 Bc7 25. Qc4 Bb8 26. Be5 Bxe5 27. Nxe5 Qg5 28. Qc7 Bxg2 29. Qxf7+ Kh7 30. f4 Qh6 31. Kxg2 h4 32. Ne2 Nd5 33. Ng4 Qg6 34. Qxg6+ Kxg6 35. Kf3 b5 36. Ne5+ Kf6 37. Nd4 bxa4 38. bxa4 a5 39. Nec6 Nc3 40. Nxa5 Nxa4 41. Nac6 Nc5 42. Ne5 g5 43. Ng4+ Kg6 44. Ne5+ Kf6 45. Kg4 gxf4 46. exf4 Ne4 47. Ndf3 Nf2+ 48. Kxh4 Kf5 49. Kg3 Nxh3 50. Nd4+ Ke4 51. Kxh3 Kxf4 52. Nec6 Ke4 53. Nc2 e5 54. Kg4 Kd5 55. N6b4+ Kd6 56. Kf5 e4 57. Ne3 Kd7 58. Nbc2 Kc7 59. Nd4 Kb6 60. Ke5 Kc5 61. Ne6+ Kb4 62. Kd4 Kb3 63. Nc5+ Kb4 64. Ne6 Kb5 65. Nf4 Kb4 66. Ne2 Kb5 67. Nc1 Kb4 68. Nc2+ Kb5 69. Ne3 Kb4 70. Na2+ Kb5 71. Kd5 Ka4 72. Kc4 Ka3 73. Nc3 Kb2 74. Kb4 Kc1 75. Kc4 Kd2 76. Kd4 Ke1 77. Na4 Kf2 78. Nc5 Kf3 79. Ne6 Kg3 80. Ke5 Kf2 81. Kf4 Ke2 82. Nc5 Kd2 83. Nb3+ Kc3 84. Nc1 Kd2 85. Na2 Ke1 86. Nb4 Kd2 87. Nf1+ Kc3 88. Nd5+ Kd4 89. Nde3 Kd3 90. Kg3 Ke2 91. Kg2 Kd3 92. Kf2 Kd4 93. Ke2 Ke5 94. Kd2 Kd4 95. Nh2 Ke5 96. Nhg4+ Kf4 97. Nf6 Kf3 98. Nh5 Kf2 99. Nf4 Kf3 100. Nh3 Kg3 101. Ng5 Kf4 102. Nf7 Kf3 103. Nd6 Kf4 104. Ke2 Ke5 105. Ndc4+ Kd4 106. Na3 Ke5 1/2-1/2


[Site "https://www.chess.com"]

[Event "Titled Tuesday Blitz April 26 Early 2022"]
[White "Van den Dikkenberg, Erik"]
[Black "Przybylski, Wojciech"]
[WhiteFideId "1005880"]
[BlackFideId "1117599"]
[WhiteElo "2118"]
[BlackElo "2133"]
[Result "0-1"]
[Round "02"]
[TimeControl "180+1"]
[Date "2022.04.26"]
[WhiteClock "0:00:10"]
[BlackClock "0:00:07"]

1. e4 e5 2. Nf3 Nf6 3. Nxe5 d6 4. Nf3 Nxe4 5. Nc3 Nxc3 6. dxc3 Be7 7. Bf4 O-O 8. Qd2 Re8 9. O-O-O Bg4 10. Kb1 Nd7 11. h3 Bxf3 12. gxf3 Ne5 13. Be2 Bf6 14. h4 Qd7 15. Rdg1 Qc6 16. Rg3 Nc4 17. Bxc4 Qxc4 18. Rhg1 Re6 19. h5 Rae8 20. Be3 c5 21. a3 d5 22. Rxg7+ Bxg7 23. h6 Rg6 24. Rxg6 hxg6 25. hxg7 Re5 26. b3 Qf1+ 27. Kb2 b6 28. f4 Rh5 29. b4 Rh1 30. Kb3 Qc4+ 31. Kb2 Qf1 32. Kb3 b5 33. c4 bxc4+ 34. Ka4 d4 35. Bxd4 cxd4 36. Qxd4 Qe2 37. Qd8+ Kxg7 38. Qd4+ Kh7 39. Qf6 Qe6 40. Qg5 Qa6+ 41. Qa5 Qxa5+ 42. Kxa5 Rc1 43. a4 Rxc2 44. b5 Rb2 45. Ka6 c3 46. a5 c2 47. b6 axb6 48. axb6 c1=Q 49. Ka7 Qc6 50. b7 Qxb7# 0-1


[Site "https://www.chess.com"]

[Event "Titled Tuesday Blitz April 26 Early 2022"]
[White "Vlassov, Nikolai"]
[Black "Esipenko, Andrey"]
[WhiteFideId "4103360"]
[BlackFideId "24175439"]
[WhiteElo "2407"]
[BlackElo "2617"]
[Result "0-1"]
[Round "02"]
[TimeControl "180+1"]
[Date "2022.04.26"]
[WhiteClock "0:00:02"]
[BlackClock "0:00:04"]

1. e4 e5 2. Bc4 Nf6 3. Nc3 Bc5 4. Nf3 d6 5. d3 c6 6. O-O O-O 7. Be3 Bxe3 8. fxe3 b5 9. Bb3 a5 10. a4 b4 11. Ne2 Nbd7 12. Ng3 Nc5 13. Bc4 Bd7 14. Ng5 d5 15. exd5 cxd5 16. Bb5 Bxb5 17. axb5 Ncd7 18. Nf5 Qb6 19. Qf3 Qxb5 20. Rf2 a4 21. g4 a3 22. b3 Qc5 23. Ra2 e4 24. dxe4 Ne5 25. Qf4 Ng6 26. Qf3 dxe4 27. Nxe4 Nxe4 28. Qxe4 Rfe8 29. Qf3 Ne5 30. Qf4 Rad8 31. h4 Rd1+ 32. Kh2 Qd5 33. e4 Qc5 34. Rg2 Qc3 35. g5 Nf3+ 36. Kg3 Rf1 37. Ne3 Qe1+ 38. Kg4 Ne5+ 39. Qxe5 Rxe5 40. Nxf1 Qxf1 41. Rd2 Rxe4+ 42. Kh5 Re8 0-1


[Site "https://www.chess.com"]